[Event "Titled Tuesday Blitz April 11 Late 2023"]
[White "Martin Barcelo, Carles"]
[Black "Baskakov, Egor"]
[WhiteFideId "24561444"]
[BlackFideId "24197866"]
[WhiteElo "2089"]
[BlackElo "2212"]
[Result "0-1"]
[Round "01"]
[TimeControl "180+2"]
[Date "2023.04.11"]
[WhiteClock "0:00:00"]
[BlackClock "0:00:00"]

1. e4 c5 2. Nf3 Nf6 3. Nc3 d5 4. Bb5+ Bd7 5. Bxd7+ Qxd7 6. exd5 Nxd5 7. O-O Nc6 8. Re1 f6 9. Qe2 e5 10. Nxd5 Qxd5 11. d3 Be7 12. Qe4 Rd8 13. Be3 O-O 14. h3 Rfe8 15. Nd2 Qe6 16. Qc4 Bf8 17. a3 Nd4 18. Bxd4 cxd4 19. Qxe6+ Rxe6 20. f4 Rc6 21. Rac1 g6 22. fxe5 Bh6 23. Re2 fxe5 24. Rce1 Be3+ 25. Kh1 Rxc2 26. Nc4 Rxe2 27. Rxe2 Bf4 28. Re4 Rd5 29. a4 b5 30. axb5 Rxb5 31. Kg1 h5 32. Kf2 h4 33. Kf3 Rb3 34. Ke2 g5 35. Nxe5 Rxb2+ 36. Kf3 Rd2 37. Kg4 Rxg2+ 38. Kf5 Bxe5 39. Rxe5 g4 40. hxg4 h3 41. g5 h2 42. Kg6 Kf8 43. Rf5+ Ke8 44. Re5+ Kd7 45. Rd5+ Kc8 46. Rc5+ Kb8 47. Rb5+ Ka8 48. Rb1 Rg1 0-1


[Site "https://www.chess.com"]

[Event "Titled Tuesday Blitz April 11 Late 2023"]
[White "Mikhalsky, Vladimir"]
[Black "Harvey, Marcus R"]
[WhiteFideId "14144352"]
[BlackFideId "400092"]
[WhiteElo "2236"]
[BlackElo "2457"]
[Result "1-0"]
[Round "01"]
[TimeControl "180+2"]
[Date "2023.04.11"]
[WhiteClock "0:00:00"]
[BlackClock "0:00:00"]

1. d4 d5 2. c4 e6 3. g3 Nf6 4. Bg2 Bb4+ 5. Bd2 a5 6. Nf3 O-O 7. O-O dxc4 8. Qc2 b5 9. a4 Bxd2 10. Nbxd2 c6 11. b3 cxb3 12. Nxb3 Nd5 13. Rfc1 Bd7 14. Ne5 Be8 15. Nc5 Ra7 16. Qd2 Na6 17. axb5 Nxc5 18. dxc5 cxb5 19. e4 Qc7 20. exd5 Qxe5 21. d6 Rd7 22. Rxa5 Rd8 23. Ra7 f5 24. d7 Qb8 25. dxe8=Q Rfxe8 26. Qa5 b4 27. Rb7 Qe5 28. Qxb4 Rd4 29. Qb2 Red8 30. h4 h5 31. c6 f4 32. c7 Rd1+ 33. Rxd1 Rxd1+ 34. Kh2 fxg3+ 35. fxg3 Qe3 36. c8=Q+ 1-0


[Site "https://www.chess.com"]

[Event "Titled Tuesday Blitz April 11 Late 2023"]
[White "Milikow, Yoav"]
[Black "Gurevich, Dmitry"]
[WhiteFideId "2822237"]
[BlackFideId "2000407"]
[WhiteElo "2410"]
[BlackElo "2506"]
[Result "1/2-1/2"]
[Round "01"]
[TimeControl "180+2"]
[Date "2023.04.11"]
[WhiteClock "0:00:03"]
[BlackClock "0:00:14"]

1. c4 c5 2. Nc3 b6 3. Nf3 Bb7 4. e3 Nf6 5. Be2 e6 6. O-O Be7 7. d4 cxd4 8. Nxd4 O-O 9. b3 d5 10. cxd5 Nxd5 11. Nxd5 Qxd5 12. Bf3 Qd7 13. Nf5 exf5 14. Qxd7 Nxd7 15. Bxb7 Rab8 16. Bf3 Bf6 17. Rb1 Ne5 18. Be2 Rfd8 19. Rd1 Rxd1+ 20. Bxd1 Rd8 21. Bc2 g6 22. Kf1 Rc8 23. Bd1 Nd3 24. Ba3 Kg7 25. Ke2 Ne5 26. Rc1 Rxc1 27. Bxc1 Kf8 28. b4 Ke7 29. Bb3 Nc6 30. a3 Be5 31. h3 h5 32. Kd3 Bd6 33. Kc4 a6 34. Bd2 b5+ 35. Kd5 Kd7 36. Bc3 Bb8 37. g3 Ba7 38. Bf6 Bb8 39. Bc3 Ba7 40. a4 Bb6 41. axb5 axb5 42. Bd1 Ba7 43. Be2 Ne7+ 44. Ke5 Bb8+ 45. Kd4 Kc6 46. Bf3+ Kd6 47. Kd3 Nd5 48. Bd2 Ke6 49. Be1 Bd6 50. Kd4 Nxb4 51. Bxb4 Bxb4 52. Bc6 Be1 53. Bxb5 Bxf2 54. Bc4+ Kf6 55. g4 fxg4 56. hxg4 hxg4 57. Ke4 Kg5 58. Bxf7 Kh4 59. Bxg6 g3 60. Kf3 Kh3 61. Be4 Bxe3 62. Kxe3 g2 63. Kf2 g1=B+ 1/2-1/2


[Site "https://www.chess.com"]

[Event "Titled Tuesday Blitz April 11 Late 2023"]
[White "Kaplan, Avi Harrison"]
[Black "Bolourchifard, Farzad"]
[WhiteFideId "30934559"]
[BlackFideId "12510084"]
[WhiteElo "1983"]
[BlackElo "2317"]
[Result "0-1"]
[Round "01"]
[TimeControl "180+2"]
[Date "2023.04.11"]
[WhiteClock "0:00:00"]
[BlackClock "0:00:00"]

1. Nf3 d5 2. g3 Nf6 3. Bg2 Bf5 4. O-O e6 5. c4 c6 6. b3 Be7 7. Bb2 O-O 8. d3 h6 9. Nbd2 Nbd7 10. e3 Bxd3 11. Re1 Bh7 12. Qe2 a5 13. a3 Qb6 14. Bd4 Bc5 15. Rac1 Rfd8 16. cxd5 exd5 17. Rxc5 Nxc5 18. b4 axb4 19. Nb3 Nfd7 20. Rc1 Qa6 21. Qd1 Nxb3 22. Qxb3 Qxa3 23. Qd1 b3 24. Qd2 Nf8 25. Bb2 Qa5 26. Bc3 Qc7 27. Bh3 Ne6 28. Bb2 Ra2 29. Qc3 Be4 30. Qxb3 Rxb2 31. Qxb2 Bxf3 32. Bf1 d4 33. exd4 Nxd4 34. h3 Be4 35. Re1 Nf3+ 36. Kg2 Nxe1+ 37. Kh2 Nd3 38. Bg2 Nxb2 39. Bxe4 Qb6 40. Kg2 Rd2 41. h4 Qxf2+ 42. Kh3 h5 43. Bh7+ Kf8 44. g4 Qf3# 0-1


[Site "https://www.chess.com"]

[Event "Titled Tuesday Blitz April 11 Late 2023"]
[White "Mammadov, Zaur"]
[Black "Medeiros Jr, Francisco De Assis"]
[WhiteFideId "13401033"]
[BlackFideId "2114267"]
[WhiteElo "2441"]
[BlackElo "2022"]
[Result "1-0"]
[Round "01"]
[TimeControl "180+2"]
[Date "2023.04.11"]
[WhiteClock "0:00:01"]
[BlackClock "0:00:00"]

1. e4 c6 2. c4 d5 3. cxd5 cxd5 4. exd5 Nf6 5. Nc3 Nxd5 6. Nf3 Nc6 7. Bb5 e6 8. d4 Bb4 9. O-O O-O 10. Bd3 Be7 11. a3 a6 12. Re1 Bf6 13. Be4 Nce7 14. Ne5 Bd7 15. Qh5 Ng6 16. Bd2 Bc6 17. Rad1 Rc8 18. g3 Qd6 19. Nxd5 Bxd5 20. Bb4 Qb6 21. Nd7 Qb5 22. Nxf6+ gxf6 23. Bxd5 exd5 24. Bxf8 Rxf8 25. b4 Qa4 26. Rd3 Qc2 27. Rde3 f5 28. h4 f4 29. gxf4 Qd2 30. f5 1-0


[Site "https://www.chess.com"]

[Event "Titled Tuesday Blitz April 11 Late 2023"]
[White "Goncalves, Davi Sulzbacher"]
[Black "Szpar, Milosz"]
[WhiteFideId "2154510"]
[BlackFideId "1184989"]
[WhiteElo "2182"]
[BlackElo "2436"]
[Result "0-1"]
[Round "01"]
[TimeControl "180+2"]
[Date "2023.04.11"]
[WhiteClock "0:00:00"]
[BlackClock "0:00:00"]

1. d4 Nf6 2. c4 c5 3. d5 e6 4. Nc3 exd5 5. cxd5 d6 6. g3 g6 7. Bg2 Bg7 8. Nf3 O-O 9. O-O Re8 10. Bf4 h6 11. Re1 g5 12. Bc1 Bf5 13. Nd2 Nbd7 14. a4 Ne5 15. a5 Qd7 16. b3 Re7 17. Bb2 Rae8 18. Na4 Nd3 19. exd3 Rxe1+ 20. Qxe1 Rxe1+ 21. Rxe1 Bxd3 22. h3 Bf5 23. Kh2 g4 24. h4 Qc7 25. Nc4 Bd7 26. Nc3 b5 27. axb6 axb6 28. Ne3 b5 29. Ne2 Qa5 30. Ra1 Qd2 31. Ra8+ Kh7 32. Bxf6 Bxf6 33. Be4+ Kg7 34. Nf4 Qxf2+ 35. Neg2 h5 36. Nxh5+ Kh6 37. Rf8 Bd4 0-1


[Site "https://www.chess.com"]

[Event "Titled Tuesday Blitz April 11 Late 2023"]
[White "Goltsev, Dmitry"]
[Black "Petrova, Irina"]
[WhiteFideId "24176710"]
[BlackFideId "14124122"]
[WhiteElo "2336"]
[BlackElo "2084"]
[Result "1-0"]
[Round "01"]
[TimeControl "180+2"]
[Date "2023.04.11"]
[WhiteClock "0:00:00"]
[BlackClock "0:00:00"]

1. e4 d6 2. Nf3 g6 3. Nc3 Bg7 4. d4 Nf6 5. h3 O-O 6. Be2 Nc6 7. Be3 e5 8. d5 Ne7 9. Qd2 c6 10. O-O-O cxd5 11. exd5 Bf5 12. Ng5 Qa5 13. g4 Bd7 14. Bc4 Rfc8 15. Bb3 b5 16. Nce4 Qxd2+ 17. Rxd2 Nxe4 18. Nxe4 a5 19. Nxd6 a4 20. Nxc8 Nxc8 21. a3 axb3 22. cxb3 Nd6 23. f3 b4 24. a4 e4 25. f4 f5 26. g5 Bxa4 27. bxa4 Rxa4 28. Kc2 Nc4 29. Kb3 Nxd2+ 30. Kxa4 Nc4 31. Bc5 Nxb2+ 32. Kxb4 Nd3+ 33. Kb5 Nxf4 34. d6 Ne6 35. d7 Kf7 36. Kc6 f4 37. Rf1 f3 38. Rd1 Nd8+ 39. Kc7 Ne6+ 40. Kc8 f2 41. Bxf2 Be5 42. d8=Q Nxd8 43. Rxd8 Bf4 44. Rd4 Bxg5 45. Rxe4 h5 46. Kd7 Kg7 47. Ke6 Bd2 48. Bd4+ Kh6 49. Kf7 Bg5 50. Re6 Kh7 51. Rxg6 Bd2 52. Rg8 1-0


[Site "https://www.chess.com"]

[Event "Titled Tuesday Blitz April 11 Late 2023"]
[White "Koc, Przemyslaw"]
[Black "Boyer, Mahel"]
[WhiteFideId "1109081"]
[BlackFideId "45102422"]
[WhiteElo "2161"]
[BlackElo "2439"]
[Result "0-1"]
[Round "01"]
[TimeControl "180+2"]
[Date "2023.04.11"]
[WhiteClock "0:00:00"]
[BlackClock "0:00:00"]

1. Nf3 d5 2. d4 Nf6 3. e3 Bg4 4. h3 Bxf3 5. Qxf3 Nbd7 6. c4 c6 7. Nc3 e6 8. Bd3 Bb4 9. O-O Qe7 10. Bd2 e5 11. cxd5 Bxc3 12. dxc6 Bxd2 13. cxd7+ Nxd7 14. Qxb7 Rb8 15. Qe4 Bb4 16. a3 Bd6 17. b4 exd4 18. Qxe7+ Kxe7 19. exd4 Rhc8 20. Rfe1+ Kf8 21. Bf5 Rb7 22. g3 g6 23. Be4 Rbc7 24. Re3 Rc3 25. Kg2 Rxe3 26. fxe3 Rc3 27. Kf3 Nb6 0-1


[Site "https://www.chess.com"]

[Event "Titled Tuesday Blitz April 11 Late 2023"]
[White "Dzida, Kamil"]
[Black "Remizov, Yaroslav"]
[WhiteFideId "21828652"]
[BlackFideId "34134015"]
[WhiteElo "2139"]
[BlackElo "2412"]
[Result "0-1"]
[Round "01"]
[TimeControl "180+2"]
[Date "2023.04.11"]
[WhiteClock "0:00:00"]
[BlackClock "0:00:00"]

1. e4 c5 2. Nf3 Nc6 3. Bb5 g5 4. Bxc6 dxc6 5. Nxg5 Nf6 6. d3 Rg8 7. O-O Bg4 8. Nf3 Nxe4 9. Bf4 Qd5 10. Kh1 O-O-O 11. h3 Qh5 12. Bh2 Bxf3 13. Qxf3 Qxf3 14. gxf3 Ng5 15. Nd2 Nxh3 16. Ne4 b6 17. Ng3 Rd6 18. Rae1 Kd7 19. Re4 Rh6 20. Nf5 Rh5 21. Ng3 Rh6 22. Nf5 Rf6 23. Rh4 Rxf5 24. Rxh3 h5 25. Rg1 Rxg1+ 26. Kxg1 Bg7 27. f4 Bxb2 28. Kg2 Bc1 29. Kf3 e6 30. Ke4 b5 31. f3 a5 32. c4 b4 33. Bg3 a4 34. Rh2 b3 35. axb3 axb3 0-1


[Site "https://www.chess.com"]

[Event "Titled Tuesday Blitz April 11 Late 2023"]
[White "Leitao, Rafael"]
[Black "Kovalevsky, Stanislav"]
[WhiteFideId "2101246"]
[BlackFideId "13508598"]
[WhiteElo "2609"]
[BlackElo "2174"]
[Result "1-0"]
[Round "01"]
[TimeControl "180+2"]
[Date "2023.04.11"]
[WhiteClock "0:00:00"]
[BlackClock "0:00:00"]

1. c4 e6 2. g3 d5 3. Bg2 c6 4. Nf3 Nd7 5. O-O dxc4 6. Qc2 b5 7. b3 Rb8 8. bxc4 Bb7 9. Bb2 Ngf6 10. Nd4 Qb6 11. a4 bxc4 12. a5 Qc5 13. e3 e5 14. Ba3 Qxa5 15. Nxc6 Bxc6 16. Bxc6 Bxa3 17. Nxa3 O-O 18. Nxc4 Qc5 19. Bxd7 Nxd7 20. Ra5 Qc7 21. Qa2 Rb7 22. Ra1 Rc8 23. Rxa7 Rxa7 24. Qxa7 Qxc4 25. Qxd7 g6 26. Ra7 e4 27. Kg2 Rb8 28. Rc7 Qe2 29. Qxf7+ Kh8 30. Qg7# 1-0


[Site "https://www.chess.com"]

[Event "Titled Tuesday Blitz April 11 Late 2023"]
[White "Bilych, Olexiy"]
[Black "Bas Mas, Jose Joaquin"]
[WhiteFideId "14156504"]
[BlackFideId "22219064"]
[WhiteElo "2320"]
[BlackElo "2233"]
[Result "1-0"]
[Round "01"]
[TimeControl "180+2"]
[Date "2023.04.11"]
[WhiteClock "0:00:00"]
[BlackClock "0:00:00"]

1. d4 d5 2. c4 e6 3. Nf3 Nf6 4. Nc3 Nbd7 5. Bg5 h6 6. Bh4 Be7 7. e3 O-O 8. Qc2 b6 9. cxd5 exd5 10. Bd3 Bb7 11. O-O c5 12. Rad1 Ne8 13. Bxe7 Qxe7 14. Bf5 Ndf6 15. Ne5 Nd6 16. Bh3 a6 17. a4 Nde4 18. f3 Nxc3 19. bxc3 Bc8 20. Bxc8 Rfxc8 21. Qf5 g6 22. Qf4 Kg7 23. Rb1 Qe6 24. a5 b5 25. Rbc1 Ra7 26. Nd3 Nd7 27. dxc5 Rac7 28. Qd4+ Kg8 29. Nf4 Qe5 30. Nxd5 Rxc5 31. Qxe5 Nxe5 32. Ne7+ Kf8 33. Nxc8 Rxc8 34. Rfd1 Nc4 35. Kf2 Nxa5 36. Ra1 Nb3 37. Rxa6 Rxc3 38. Ra7 Nc5 39. Rd8+ Kg7 40. Rb8 b4 41. Kg3 b3 42. Rb5 Nd3 43. Rbb7 Ne5 44. Kf4 Kf6 45. Ra6+ Nc6 46. Rbb6 g5+ 47. Kg3 b2 48. Rxc6+ Rxc6 49. Rxc6+ Kf5 50. Rb6 h5 51. Rxb2 f6 52. Kf2 h4 53. Rb5+ 1-0


[Site "https://www.chess.com"]

[Event "Titled Tuesday Blitz April 11 Late 2023"]
[White "Guzman Moneo, Alberto"]
[Black "Klukin, Kirill"]
[WhiteFideId "2209616"]
[BlackFideId "24199273"]
[WhiteElo "2157"]
[BlackElo "2344"]
[Result "0-1"]
[Round "01"]
[TimeControl "180+2"]
[Date "2023.04.11"]
[WhiteClock "0:00:00"]
[BlackClock "0:00:00"]

1. e4 d6 2. d4 f5 3. Nc3 Nf6 4. Bd3 Nc6 5. Nf3 fxe4 6. Nxe4 Bg4 7. c3 e5 8. dxe5 Nxe5 9. Nxf6+ Qxf6 10. Be2 Bxf3 11. Bxf3 Nxf3+ 12. Qxf3 Qxf3 13. gxf3 Be7 14. Be3 O-O 15. Ke2 Rf5 16. Rhg1 Raf8 17. f4 d5 18. Rad1 Bd6 19. Rg4 Kf7 20. a4 Re8 21. Kf3 a6 22. Rg5 Rxg5 23. fxg5 Ke6 24. h4 c6 25. Kg4 g6 26. Bd4 Kf7 27. Be3 Re4+ 28. Kh3 Rxa4 29. b3 Re4 30. c4 Ke6 31. cxd5+ cxd5 32. Rb1 d4 33. Bd2 Kd5 34. b4 Re2 35. Be1 d3 36. Rd1 Kc4 37. Kg4 Rxe1 38. Rxe1 d2 39. Rd1 Kd3 40. Kf3 Bxb4 41. Rh1 a5 42. Kg2 a4 0-1


[Site "https://www.chess.com"]

[Event "Titled Tuesday Blitz April 11 Late 2023"]
[White "Yanchenko, Roman"]
[Black "Federzoni, Enzo"]
[WhiteFideId "4137329"]
[BlackFideId "2173301"]
[WhiteElo "2491"]
[BlackElo "2039"]
[Result "1-0"]
[Round "01"]
[TimeControl "180+2"]
[Date "2023.04.11"]
[WhiteClock "0:00:00"]
[BlackClock "0:00:00"]

1. d4 Nf6 2. Nf3 g6 3. c4 Bg7 4. Bf4 O-O 5. e3 d6 6. Nc3 Nbd7 7. h3 b6 8. Be2 Bb7 9. O-O Ne4 10. Nxe4 Bxe4 11. Qa4 c5 12. Rfd1 Qc7 13. Bg3 Rfe8 14. Rac1 Rac8 15. Qa3 e5 16. dxe5 dxe5 17. Rd2 Nf8 18. Rcd1 h6 19. b3 f5 20. Rd6 Qe7 21. Qc1 g5 22. Bh2 f4 23. Ne1 Rcd8 24. Rxd8 Rxd8 25. Bg4 Rd6 26. Kf1 Qd8 27. Rxd6 Qxd6 28. Qd1 Qxd1 29. Bxd1 Bb1 30. a3 Kf7 31. Ke2 Ke6 32. f3 Nd7 33. e4 a5 34. Kd2 a4 35. bxa4 Nb8 36. Kc3 Ba2 37. Nd3 Nc6 38. Nc1 Bb1 39. Kb2 Bxe4 40. fxe4 Nd4 41. Kc3 Bf8 42. Nb3 Nc6 43. Bg4+ Kd6 44. Bg1 Be7 45. a5 bxa5 46. Bxc5+ 1-0


[Site "https://www.chess.com"]

[Event "Titled Tuesday Blitz April 11 Late 2023"]
[White "Oro, Faustino"]
[Black "Droin, Augustin"]
[WhiteFideId "20000197"]
[BlackFideId "45105987"]
[WhiteElo "1984"]
[BlackElo "2333"]
[Result "1-0"]
[Round "01"]
[TimeControl "180+2"]
[Date "2023.04.11"]
[WhiteClock "0:00:00"]
[BlackClock "0:00:01"]

1. e4 c5 2. Nf3 Nc6 3. d4 cxd4 4. Nxd4 Qb6 5. Nb3 Nf6 6. Nc3 e6 7. Be3 Qc7 8. Be2 Bb4 9. Bd3 Ne5 10. Bd2 O-O 11. Qe2 d5 12. exd5 exd5 13. O-O-O Bg4 14. f3 Bh5 15. a3 Bd6 16. Nb5 Qb8 17. Nxd6 Qxd6 18. Bb4 Qe6 19. Bxf8 Rxf8 20. Rhe1 Nfd7 21. Qd2 Qd6 22. Be2 Nb6 23. Nd4 Nec4 24. Bxc4 Nxc4 25. Qb4 Qf4+ 26. Kb1 Bg6 27. Nb5 a6 28. Rxd5 axb5 29. Qxf8+ 1-0


[Site "https://www.chess.com"]

[Event "Titled Tuesday Blitz April 11 Late 2023"]
[White "Kushko, Dmitriy"]
[Black "Davidson, Kevin"]
[WhiteFideId "14162261"]
[BlackFideId "2056810"]
[WhiteElo "2230"]
[BlackElo "2151"]
[Result "1-0"]
[Round "01"]
[TimeControl "180+2"]
[Date "2023.04.11"]
[WhiteClock "0:00:00"]
[BlackClock "0:00:00"]

1. g3 g6 2. Bg2 Bg7 3. d4 Nf6 4. Nf3 d6 5. O-O O-O 6. a4 a5 7. Re1 Bf5 8. Nbd2 Nc6 9. e4 Bg4 10. h3 Bxf3 11. Nxf3 d5 12. e5 Ne4 13. c4 e6 14. cxd5 exd5 15. Bf4 f6 16. h4 fxe5 17. Nxe5 Nxe5 18. dxe5 c6 19. Bxe4 dxe4 20. Rxe4 Qb6 21. Qd4 Qxd4 22. Rxd4 Rae8 23. Re1 Re6 24. Rd7 Rf7 25. Rd8+ Rf8 26. Rxf8+ Bxf8 27. Bd2 b6 28. Kg2 Bc5 29. Bc3 h5 30. f4 Kf7 31. Kf3 Re7 32. Rd1 Ke6 33. Ke4 Bf2 34. Rd6+ Kf7 35. Rf6+ 1-0


[Site "https://www.chess.com"]

[Event "Titled Tuesday Blitz April 11 Late 2023"]
[White "Estrada Nieto, Julian"]
[Black "Yuan, Qingyu"]
[WhiteFideId "5101018"]
[BlackFideId "8609772"]
[WhiteElo "2161"]
[BlackElo "2359"]
[Result "0-1"]
[Round "01"]
[TimeControl "180+2"]
[Date "2023.04.11"]
[WhiteClock "0:00:06"]
[BlackClock "0:00:07"]

1. e4 c5 2. Nf3 d6 3. Bb5+ Nd7 4. d4 cxd4 5. Qxd4 a6 6. Bxd7+ Bxd7 7. Nc3 e5 8. Qd3 h6 9. Nd2 b5 10. a4 b4 11. Nd5 a5 12. Nc4 Nf6 13. Be3 Nxd5 14. Qxd5 Ra6 15. Rd1 Be7 16. O-O Qa8 17. Qxa8+ Rxa8 18. b3 Ra6 19. Rd5 Be6 20. Rb5 Bxc4 21. Rb8+ Kd7 22. Rxh8 Bxf1 23. Kxf1 Rc6 24. Ra8 Bd8 25. Ra7+ Ke6 26. Ra8 Bc7 27. Rc8 Kd7 28. Rf8 Rxc2 29. Rxf7+ Kc6 30. Rxg7 Rb2 31. Bxh6 Rxb3 32. h4 Rc3 33. Rg3 Rc4 34. Re3 Bb6 35. Re1 Bd4 36. Rb1 Rc2 37. Be3 Bc3 38. h5 Kd7 39. h6 Bd4 40. Bxd4 exd4 41. h7 Rc8 42. Ke2 Rh8 43. Rh1 Kc6 44. Kd3 Kc5 45. g4 b3 46. g5 b2 47. g6 Kb4 48. Kxd4 Kxa4 49. f4 Kb4 50. f5 a4 51. f6 a3 52. g7 Rxh7 53. Rxh7 b1=Q 54. g8=Q Qd1+ 55. Ke3 Qe1+ 56. Kf4 Qf2+ 57. Kg5 Qg2+ 58. Kf5 Qxg8 59. Rg7 Qf8 60. Ke6 a2 61. Rb7+ Kc3 62. Rc7+ Kb2 63. Rb7+ Kc2 64. Rc7+ Kd3 65. Ra7 Qe8+ 66. Kxd6 Qd8+ 67. Ke6 Qb6+ 68. Kf5 Qc5+ 69. Kg6 Qg1+ 70. Kf5 Qxa7 71. e5 a1=Q 72. e6 Qf1+ 73. Kg6 Qag1+ 74. Kf7 Qg5 75. Ke7 Qfxf6+ 76. Kd6 Qe7+ 0-1


[Site "https://www.chess.com"]

[Event "Titled Tuesday Blitz April 11 Late 2023"]
[White "Klekowski, Maciej"]
[Black "Kujawski, Adam"]
[WhiteFideId "1132717"]
[BlackFideId "1100920"]
[WhiteElo "2540"]
[BlackElo "2054"]
[Result "1-0"]
[Round "01"]
[TimeControl "180+2"]
[Date "2023.04.11"]
[WhiteClock "0:00:00"]
[BlackClock "0:00:00"]

1. c4 e5 2. Nc3 Nc6 3. g3 d6 4. Bg2 g6 5. e4 Bg7 6. Nge2 Nge7 7. d3 O-O 8. h4 h5 9. Bg5 Nd4 10. Nxd4 exd4 11. Ne2 c5 12. O-O Bg4 13. Qd2 Qd7 14. Bxe7 Qxe7 15. Nf4 Be6 16. b4 Kh7 17. bxc5 dxc5 18. Nd5 Bxd5 19. cxd5 Bh6 20. f4 f6 21. Rab1 Rab8 22. a4 Qd6 23. Rfe1 Rfe8 24. Bh3 Re7 25. Qe2 b6 26. Be6 Rxe6 27. dxe6 Qxe6 28. e5 Re8 29. Qf3 f5 30. a5 Bf8 31. axb6 axb6 32. Ra1 c4 33. dxc4 Qxc4 34. Rec1 Qb4 35. Ra7+ Kh8 36. Qc6 Re7 37. Qf6+ Kg8 38. Qxg6+ Rg7 39. Rxg7+ 1-0


[Site "https://www.chess.com"]

[Event "Titled Tuesday Blitz April 11 Late 2023"]
[White "Torrente, Alejandro Josue"]
[Black "Barp, Alberto"]
[WhiteFideId "4437969"]
[BlackFideId "872555"]
[WhiteElo "2025"]
[BlackElo "2313"]
[Result "0-1"]
[Round "01"]
[TimeControl "180+2"]
[Date "2023.04.11"]
[WhiteClock "0:00:10"]
[BlackClock "0:00:16"]

1. e4 e6 2. d4 d5 3. Nc3 Nf6 4. e5 Nfd7 5. f4 c5 6. Nf3 Nc6 7. Be3 Be7 8. Qd2 b6 9. Be2 O-O 10. O-O Bb7 11. a3 f5 12. exf6 Nxf6 13. Bd3 Ng4 14. Kh1 Bf6 15. Bg1 Nxd4 16. Nxd4 cxd4 17. Ne2 Ne3 18. Bxe3 dxe3 19. Qxe3 Qd6 20. Nd4 Rae8 21. c3 e5 22. fxe5 Rxe5 23. Qh3 g6 24. Rf3 Bc8 25. Qg3 Bg7 26. Rxf8+ Qxf8 27. Nf3 Re3 28. Bf1 Bf5 29. Qf4 Re4 30. Qd2 Qd6 31. Bd3 Rf4 32. Bxf5 Rxf5 33. Rd1 h6 34. c4 d4 35. h3 Kh7 36. b4 Qg3 37. Qd3 Rf8 38. Rf1 Re8 39. c5 bxc5 40. bxc5 Re3 41. Qc4 d3 42. c6 Re2 43. Rg1 Rc2 44. Qxd3 Rxc6 45. Ne1 Qc7 46. Nf3 Rc3 47. Qb1 Rxa3 48. Nh4 Qc6 49. Rc1 Rxh3+ 50. Kg1 Bd4+ 51. Kf1 Rh1+ 52. Ke2 Rxc1 53. Qe4 Qc2+ 54. Qxc2 Rxc2+ 55. Kd3 Ra2 56. Kxd4 Ra4+ 0-1


[Site "https://www.chess.com"]

[Event "Titled Tuesday Blitz April 11 Late 2023"]
[White "Mordechai, Hanan"]
[Black "Riff, Vincent"]
[WhiteFideId "2804166"]
[BlackFideId "617776"]
[WhiteElo "2324"]
[BlackElo "2369"]
[Result "0-1"]
[Round "01"]
[TimeControl "180+2"]
[Date "2023.04.11"]
[WhiteClock "0:00:00"]
[BlackClock "0:00:00"]

1. Nf3 d5 2. g3 Nf6 3. Bg2 c6 4. O-O Bf5 5. b3 e6 6. Bb2 Nbd7 7. c4 Be7 8. d3 O-O 9. Nbd2 h6 10. a3 a5 11. Ra2 Qb6 12. Qa1 Qa6 13. Ne5 Nxe5 14. Bxe5 Rfd8 15. e4 dxe4 16. dxe4 Bg6 17. Bc3 Rac8 18. e5 Nd7 19. Ne4 Bxe4 20. Bxe4 a4 21. b4 Qxc4 22. Re1 Nb6 23. Rc2 Qb5 24. Qc1 Bf8 25. Qf4 Nd5 26. Qf3 Rd7 27. Bb2 Rcd8 28. Bd3 Qb6 29. Qe4 g6 30. Qg4 Ne7 31. Be4 Bg7 32. h4 h5 33. Qg5 Qb5 34. Rc5 Qb6 35. g4 hxg4 36. h5 gxh5 37. Qxh5 Rd1 38. Rxd1 Rxd1+ 39. Kg2 Nd5 40. Bh7+ Kf8 41. Qg5 g3 42. Kxg3 Rg1+ 0-1


[Site "https://www.chess.com"]

[Event "Titled Tuesday Blitz April 11 Late 2023"]
[White "Martinez Ramirez, Lennis"]
[Black "Dzierzak, Radoslaw"]
[WhiteFideId "3509079"]
[BlackFideId "1161407"]
[WhiteElo "2410"]
[BlackElo "2166"]
[Result "1-0"]
[Round "01"]
[TimeControl "180+2"]
[Date "2023.04.11"]
[WhiteClock "0:00:00"]
[BlackClock "0:00:00"]

1. c4 Nf6 2. Nc3 e6 3. d4 Bb4 4. Nf3 c5 5. e3 O-O 6. d5 Bxc3+ 7. bxc3 d6 8. Bd3 e5 9. e4 Ne8 10. Rb1 b6 11. O-O f5 12. exf5 Bxf5 13. Ng5 Nc7 14. Bxf5 Rxf5 15. Qg4 Rf6 16. Ne4 Rg6 17. Qh3 Nd7 18. f4 Nf6 19. f5 Nxe4 20. fxg6 hxg6 21. Qf3 Nf6 22. Bg5 Nce8 23. Qd3 Kf7 24. Rf3 Qd7 25. Rbf1 Rb8 26. h3 b5 27. cxb5 Qxb5 28. c4 Qb2 29. Rg3 Qd4+ 30. Qxd4 cxd4 31. Ra3 Rb7 32. g4 Kg8 33. Re1 Nd7 34. Rb3 Rxb3 35. axb3 Nc5 36. Rb1 d3 37. Be3 Ne4 38. Kg2 Nc3 39. Ra1 Nf6 40. Rxa7 Nfe4 41. b4 d2 42. Bxd2 Nxd2 43. c5 Nxd5 44. cxd6 Nf6 45. d7 Nxd7 46. Rxd7 Nb3 47. b5 Nc5 48. Rd5 1-0


[Site "https://www.chess.com"]

[Event "Titled Tuesday Blitz April 11 Late 2023"]
[White "Fernandez, Maria Florencia"]
[Black "Pulpan, Jakub"]
[WhiteFideId "116459"]
[BlackFideId "302759"]
[WhiteElo "2120"]
[BlackElo "2484"]
[Result "0-1"]
[Round "01"]
[TimeControl "180+2"]
[Date "2023.04.11"]
[WhiteClock "0:00:00"]
[BlackClock "0:00:00"]

1. d4 Nf6 2. c4 e6 3. Nc3 d5 4. cxd5 Nxd5 5. e4 Nxc3 6. bxc3 c5 7. Nf3 cxd4 8. cxd4 Bb4+ 9. Bd2 Bxd2+ 10. Qxd2 Nd7 11. Bd3 b6 12. O-O Bb7 13. Rac1 h6 14. Qf4 O-O 15. Rc2 Rc8 16. Rfc1 Rxc2 17. Rxc2 Nc5 18. Ne5 Nxd3 19. Nxd3 Qxd4 20. Rd2 Qa1+ 0-1


[Site "https://www.chess.com"]

[Event "Titled Tuesday Blitz April 11 Late 2023"]
[White "Hambleton, Aman"]
[Black "Gerbelli Neto, Eduardo"]
[WhiteFideId "2606577"]
[BlackFideId "2103281"]
[WhiteElo "2511"]
[BlackElo "2178"]
[Result "1-0"]
[Round "01"]
[TimeControl "180+2"]
[Date "2023.04.11"]
[WhiteClock "0:00:00"]
[BlackClock "0:00:00"]

1. d4 d5 2. Bf4 Nf6 3. e3 Bf5 4. c4 c6 5. Qb3 Qb6 6. c5 Qxb3 7. axb3 Nbd7 8. b4 a6 9. Nd2 Ne4 10. Nxe4 Bxe4 11. b5 cxb5 12. f3 Bg6 13. Bxb5 e6 14. b4 Rc8 15. Ba4 Bd3 16. Kd2 Bc4 17. Ne2 f6 18. Rhb1 Kd8 19. b5 e5 20. Bg3 h5 21. bxa6 Bxa6 22. Nc3 h4 23. Bf2 Bc4 24. Rxb7 Nb8 25. Bb3 Nc6 26. Nxd5 Bxb3 27. Rxb3 exd4 28. exd4 Rh5 29. Nf4 Rf5 30. Ne6+ Kd7 31. Nxf8+ Rxf8 32. Kd3 Rd8 33. Kc4 Kc7 34. Rd3 Rfd5 35. Kc3 g5 36. g3 Ne5 37. Rd2 Nxf3 38. Rd3 Ne5 39. Rdd1 hxg3 40. Bxg3 Kc6 41. Ra6+ Kb5 42. Rb6+ Ka5 43. Ra1# 1-0


[Site "https://www.chess.com"]

[Event "Titled Tuesday Blitz April 11 Late 2023"]
[White "Schmakel, Sam"]
[Black "Girsh, Daniel"]
[WhiteFideId "2039311"]
[BlackFideId "30949190"]
[WhiteElo "2356"]
[BlackElo "2075"]
[Result "1-0"]
[Round "01"]
[TimeControl "180+2"]
[Date "2023.04.11"]
[WhiteClock "0:00:12"]
[BlackClock "0:00:06"]

1. Nf3 d5 2. g3 g6 3. Bg2 Bg7 4. O-O Nf6 5. b3 O-O 6. Bb2 c5 7. d3 Nc6 8. Ne5 Qc7 9. Nxc6 Qxc6 10. c4 Qd6 11. cxd5 Nxd5 12. Qc1 Nf6 13. Nd2 Bg4 14. Nc4 Qe6 15. Re1 Rab8 16. Ne3 Bh3 17. Qxc5 Nd7 18. Qc2 Rfc8 19. Qd2 Bh6 20. Rac1 Nf6 21. Rxc8+ Rxc8 22. Rc1 Rxc1+ 23. Qxc1 Bxg2 24. Kxg2 Nd5 25. Bd4 a6 26. Qc5 Bxe3 27. Bxe3 h5 28. Qd4 h4 29. gxh4 Nxe3+ 30. fxe3 Qc6+ 31. Kf2 Qh1 32. Qe5 e6 33. e4 Qb1 34. Qb8+ Kg7 35. Qxb7 Qxa2 36. Qb6 Qa1 37. Qe3 Qf6+ 38. Kg3 Qe5+ 39. Kh3 Qc3 40. Qb6 Qe1 41. Qd4+ Kg8 42. Qd8+ Kg7 43. Qd4+ Kg8 44. Qe3 Qf1+ 45. Kg3 Qe1+ 46. Kg4 Kg7 47. h5 f5+ 48. exf5 exf5+ 49. Kg5 Qb4 50. Qe5+ Kf8 51. hxg6 Qg4+ 52. Kf6 Qh4+ 53. Kxf5 Qh5+ 54. Kf6 Qh4+ 55. Ke6 Qe7+ 56. Kf5 Qd7+ 57. Kg5 Qd8+ 58. Qf6+ Qxf6+ 59. Kxf6 a5 60. h4 a4 61. bxa4 1-0


[Site "https://www.chess.com"]